 Dungeon Crawl Stone Soup version 0.19-a0-1111-gcceb26a (webtiles) character file.

514 mistymad the Magician (level 7, -1/40 HPs)
             Began as a Deep Elf Fire Elementalist on Aug 11, 2016.
             Slain by Duvessa
             ... wielding a +1 rapier of electrocution
              (11 damage)
             ... on level 4 of the Dungeon.
             The game lasted 00:13:48 (5511 turns).

mistymad the Magician (Deep Elf Fire Elementalist)  Turns: 5511, Time: 00:13:49

Health: -1/40      AC:  6    Str: 10    XL:     7   Next: 0%
Magic:  14/17      EV: 13    Int: 22    God:
Gold:   207        SH:  0    Dex: 15    Spells: 5 memorised, 4 levels left

rFire  . . .     SeeInvis .     q - +3 dagger (venom)
rCold  . . .     Gourm    .     z - +2 robe {Archmagi}
rNeg   . . .     Faith    .     (no shield)
rPois  +         Spirit   .     (no helmet)
rElec  .         Dismiss  .     y - +0 cloak
rCorr  .         Reflect  .     (no gloves)
SustAt .         Harm     .     H - +0 pair of boots
MR     .....                    (no amulet)
Stlth  +.........               n - ring of poison resistance
                                l - +5 ring of strength

@: glowing
A: no striking features
a: no special abilities


You were on level 4 of the Dungeon.
You were not hungry.

You visited 1 branch of the dungeon, and saw 4 of its levels.

You collected 207 gold pieces.

Inventory:

Hand Weapons
 q - a +3 dagger of venom (weapon)
Missiles
 B - 17 sling bullets
 G - 2 needles of sleeping
Armour
 y - a +0 cloak (worn)
 z - a +2 robe of the Archmagi (worn)
 D - a +2 leather armour of poison resistance
 H - a +0 pair of boots (worn)
Jewellery
 l - a +5 ring of strength (left hand)
 n - a ring of poison resistance (right hand)
Wands
 r - a wand of lightning (15/15)
Scrolls
 e - 2 scrolls of magic mapping
 i - 2 scrolls of remove curse
 v - a scroll of teleportation
Potions
 d - a potion of might
 j - a potion of heal wounds {unknown}
 k - a potion of curing {unknown}
 s - a potion of magic {unknown}
 t - a potion of flight {unknown}
 x - a potion of lignification {unknown}
 E - a potion of brilliance {unknown}
Books
 b - a book of Flames

   Spells                             Type                      Level
   a - Flame Tongue                   Conjuration/Fire             1
   b - Throw Flame                    Conjuration/Fire             2
   c - Conjure Flame                  Conjuration/Fire             3
   d - Inner Flame                    Hexes/Fire                   3
   e - Sticky Flame                   Conjuration/Fire             4
   f - Fireball                       Conjuration/Fire             5
Comestibles
 a - 8 chunks of flesh
 c - 5 bread rations
 o - a slice of pizza


   Skills:
 + Level 2.8 Fighting
 - Level 2.4 Dodging
 - Level 2.4 Stealth
 + Level 5.6 Spellcasting
 + Level 3.7 Conjurations
 + Level 5.3 Fire Magic


You had 4 spell levels left.
You knew the following spells:

 Your Spells              Type           Power        Failure   Level  Hunger
a - Flame Tongue          Conj/Fire      #####        1%          1    None
b - Throw Flame           Conj/Fire      #####.       2%          2    None
c - Conjure Flame         Conj/Fire      #####...     6%          3    ##.....
d - Inner Flame           Hex/Fire       ####....     12%         3    ##.....
e - Sticky Flame          Conj/Fire      #####...     17%         4    ####...


Dungeon Overview and Level Annotations

Branches:
Dungeon (4/15)             Temple (0/1) D:4

Altars:

Annotations:
D:2 Sigmund
D:4 Dowan, Duvessa


Message History

Aim: Duvessa, wielding a rapier of electrocution You feel a surge of power!
The puff of flame hits Duvessa.
Duvessa is lightly wounded.
Dowan mumbles some strange words.
Dowan blinks!
Duvessa hits you with a rapier of electrocution.
You take 1 damage, and have 17/40 hp.
You now have 15/17 mp.
Casting: Throw Flame
Confirm with . or Enter, or press ? or * to list all spells.
Aiming: Flame Tongue
Press: ? - help, Shift-Dir - straight line, f/p - Duvessa
Aim: Duvessa, wielding a rapier of electrocution (lightly wounded)
You feel a surge of power!
The flame tongue hits Duvessa.
Duvessa is moderately wounded.
Dowan says, "Stay away from my face!"
Dowan closely misses you.
Duvessa hits you with a rapier of electrocution!
* * * LOW HITPOINT WARNING * * *
You are electrocuted!
You die...

#.# #.# ##e##
##.###..#
##...##.######
##.##..............
.........##########
#.####.## #.# #e#
#@# #e# ≈≈≈≈..##.#
.≈≈≈...#.#
≈≈≈≈...#.#
≈≈≈≈...#.#
.≈≈≈...#.#
....⌠.(#.##
#.......##


You could see Duvessa and Dowan.

Vanquished Creatures
  An ogre (D:4)
  The ghost of mistymad the Magician, an amateur DEFE (D:3)
  A hound (D:4)
  An orc priest (D:4)
  4 orc wizards
  Jessica (D:3)
  Ijyb (D:2)
  2 adders
  An adder skeleton (D:4)
  A worm (D:2)
  A dart slug (D:1)
  4 giant geckos
  25 orcs
  3 bats
  4 giant cockroaches
  4 goblins
  13 hobgoblins
  9 jackals
  3 kobolds
  A quokka (D:3)
  A ball python (D:2)
  4 giant newts
  5 rats
91 creatures vanquished.

Notes
Turn   | Place    | Note
-------+----------+-------------------------------------------
     0 | D:1      | mistymad the Deep Elf Fire Elementalist began the quest for the Orb.
     0 | D:1      | Reached XP level 1. HP: 10/10 MP: 6/6
   200 | D:1      | Reached XP level 2. HP: 15/15 MP: 5/8
  1339 | D:2      | Reached XP level 3. HP: 20/20 MP: 5/10
  1632 | D:2      | Noticed Ijyb
  1642 | D:2      | Killed Ijyb
  1642 | D:2      | Reached skill level 1 in Fighting
  1726 | D:2      | Noticed Sigmund
  1731 | D:2      | Learned a level 2 spell: Throw Flame
  1735 | D:2      | Learned a level 3 spell: Conjure Flame
  1739 | D:2      | Learned a level 3 spell: Inner Flame
  1932 | D:2      | Reached XP level 4. HP: 21/25 MP: 5/11
  2709 | D:3      | Noticed Jessica
  3011 | D:3      | Killed Jessica
  3011 | D:3      | Reached XP level 5. HP: 29/29 MP: 8/13
  3314 | D:3      | Noticed mistymad's ghost (amateur DEFE)
  3680 | D:3      | Killed mistymad's ghost
  4214 | D:3      | Reached skill level 5 in Spellcasting
  4214 | D:3      | Reached XP level 6. HP: 35/35 MP: 6/15
  4902 | D:4      | Reached skill level 5 in Fire Magic
  5097 | D:4      | Found a staircase to the Ecumenical Temple.
  5214 | D:4      | Learned a level 4 spell: Sticky Flame
  5344 | D:4      | Reached XP level 7. HP: 40/40 MP: 5/17
  5470 | D:4      | Noticed a hungry ghost
  5479 | D:4      | Noticed Duvessa
  5482 | D:4      | Noticed Dowan
  5511 | D:4      | Slain by Duvessa

Vault maps used:
D:1:      dpeg_arrival_boxorama, serial_bayou_pond_e, serial_bayou_pond_d,
          lemuel_flame_loot_1
D:2:      uniq_sigmund, uniq_iyjb
D:3:      first_bread, uniq_jessica
D:4:      kiku_gazebo_pond_becter, lightli_corner_chamber, uniq_duvessa

Skill      XL: |  1  2  3  4  5  6 |
---------------+-------------------+-----
Fighting       | 1 2 |  2.8
Conjurations   | 2 3 |  3.7
Fire Magic     | 4 5 |  5.3
Spellcasting   | 4 5 |  5.6
Dodging        | |  2.4
Stealth        | |  2.4

Action                   |  1- 3 |  4- 6 |  7- 9 || total
-------------------------+-------+-------+-------++-------
Melee: Dagger            |       |    10 |       ||    10
 Cast: Flame Tongue      |    60 |   103 |     2 ||   165
       Throw Flame       |     1 |    27 |     1 ||    29
       Conjure Flame     |       |     7 |       ||     7
       Inner Flame       |       |     5 |       ||     5
  Use: Scroll            |       |    12 |       ||    12
  Eat: Chunk             |     3 |     9 |     1 ||    13
       Beef jerky        |       |     1 |       ||     1
Armor: Robe              |     6 |    10 |       ||    16
Dodge: Dodged            |    25 |    41 |     2 ||    68
